 Dungeon Crawl Stone Soup version 0.31-a0-977-gc230f8ef24 (webtiles) character file.

Game seed: 16722458331148871476

2412 Dirtsage the Mimic (level 9, -3/68 HPs)
             Began as an Octopode Shapeshifter on Oct 29, 2023.
             Was a Follower of Wu Jian.
             Killed from afar by a white imp (12 damage)
             ... with a puff of frost
             ... on level 7 of the Dungeon.
             The game lasted 00:13:44 (6395 turns).

Dirtsage the Mimic (Octopode Shapeshifter)          Turns: 6395, Time: 00:13:44

Health: -3/68      AC:  8    Str: 18    XL:     9   Next: 47%
Magic:  9/9        EV: 10    Int: 13    God:    Wu Jian [*.....]
Gold:   330        SH:  0    Dex: 15    Spells: 8/8 levels left

rFire   + .          .
                       - Unarmed
rCold   . . .        (shield currently unavailable)
rNeg    . . .        (helmet currently unavailable)
rPois   .            (no amulet)
rElec   .            F - ring of protection from fire
rCorr   .            (no ring)
SInv    .            (no ring)
Will    .....        (no ring)
Stlth   +            (no ring)
HPRegen 0.31/turn    (no ring)
MPRegen 0.11/turn    (no ring)
                     (no ring)

%: no passive effects
@: snake-form, studying Poison Magic
A: constrict, boosted hp, almost no armour, amphibious, 8 rings, large,
(camouflage 1), (gelatinous body 1), (nimble swimmer 1), (tentacles)
a: Begin Untransformation, Renounce Religion


You were on level 7 of the Dungeon.
You worshipped Wu Jian.
Wu Jian was aware of your devotion.
You were an enormous anaconda.
You visited 2 branches of the dungeon, and saw 8 of its levels.

You collected 330 gold pieces.

Inventory:

Missiles
 d - 5 curare-tipped darts
Jewellery
 F - a ring of protection from fire (left tentacle)
Talismans
 b - a beast talisman
 c - a flux talisman
 e - a serpent talisman (active)
 k - a blade talisman
 o - a maw talisman
Wands
 m - a wand of flame (12)
 q - a wand of iceblast (16)
 t - a wand of mindburst (2)
Scrolls
 f - 3 scrolls of immolation
 g - 3 scrolls of amnesia
 s - a scroll of teleportation {unknown}
Potions
 a - 2 potions of lignification
 h - a potion of haste
 i - a potion of mutation {unknown}
 j - 2 potions of brilliance {unknown}
 l - 2 potions of curing {unknown}
 n - a potion of resistance
 p - a potion of attraction {unknown}
 r - a potion of ambrosia {unknown}


   Skills:
 + Level 5.0 Fighting
 - Level 2.0 Dodging
 + Level 6.9 Unarmed Combat
 * Level 9.3 Shapeshifting


You had 8 spell levels left.
You didn't know any spells.
Your spell library contained the following spells:

 Spells                   Type           Power      Damage    Failure   Level
 Foxfire                  Conj/Fire      0%         2x1d4     30%         1
 Freeze                   Ice            0%         1d3       30%         1
 Magic Dart               Conj           0%         1d3       30%         1
 Dazzling Flash           Conj/Hex       0%         N/A       67%         3
 Frozen Ramparts          Ice            0%         1d1       67%         3
 Hailstorm                Conj/Ice       0%         3d3       67%         3
 Passage of Golubria      Tloc           0%         N/A       97%         4
 Agony                    Necr           0%         N/A       100%        5
 Silence                  Hex/Air        0%         N/A       100%        5
 Lehudib's Crystal Spear  Conj/Erth      0%         10d2      100%        8


Dungeon Overview and Level Annotations

Branches:
Dungeon (7/15)             Temple (1/1) D:6

Altars:
Ashenzari
Cheibriados
Dithmenos
Elyvilon
Fedhas
Gozag
Hepliaklqana
Kikubaaqudgha
Nemelex Xobeh
Okawaru
Qazlal
Ru
Sif Muna
Trog
Uskayaw
Vehumet
Wu Jian
Xom
Yredelemnul
Zin
The Shining One


Innate Abilities, Weirdness & Mutations

You are an enormous anaconda.
You have a powerful constriction melee attack.
Your maximum health is increased.
Your armour is entirely melded.
You are incapable of wielding weapons or throwing items.
You cannot wear most types of armour.
You are amphibious.
You can wear up to eight rings at the same time.
((Your skin changes colour to match your surroundings (Stealth+).))
((Your rubbery body absorbs attacks. (AC +1, EV +1)))
((You are camouflaged when in or above water. (Stealth+)))
((You have tentacles for arms and can constrict up to eight enemies at once.))


Message History

The orc warrior hits you with a +0 short sword.
You take 1 damage, and have 43/66 hp.
You lash the orc warrior!
The orc warrior is heavily wounded.
You constrict the orc warrior, but do no damage.
The orc warrior hits you with a +0 short sword.
The orc priest invokes the aid of Beogh against you.
Beogh smites you!
You take 18 damage, and have 25/66 hp.
MASSIVE DAMAGE!!
You hit the orc warrior.
The orc warrior is severely wounded.
You constrict the orc warrior.
The orc warrior hits you but does no damage.
You hit the orc warrior.
The orc warrior is severely wounded.
You constrict the orc warrior, but do no damage.
The orc priest calls down the wrath of Beogh upon you.
Beogh smites you!
* * * LOW HITPOINT WARNING * * *
You take 10 damage, and have 16/66 hp.
You hit the orc warrior but do no damage.
The orc warrior is severely wounded.
You constrict the orc warrior, but do no damage.
The orc warrior barely misses you.
You lash the orc warrior!
You kill the orc warrior!
The Council accepts your kill.
You can now lightly attack monsters by moving around them.
Your Fighting skill increases to level 5!
The white imp gestures at you. The puff of frost hits you!
* * * LOW HITPOINT WARNING * * *
You take 9 damage, and have 8/68 hp.
The white imp gestures at you. The puff of frost misses you.
The orc wizard gestures wildly while chanting.
The orc wizard flickers and vanishes!
The white imp gestures at you. The puff of frost hits you!
You die...

≈.# #...##...# ≈.# #ho###...#
.♣# #{{# #...# ♣♣ #o####...### ♣
#5##.......# #....##.##.#
#.##.##.##.#### #.##.##.......#
#.S........##.#
#.#...###..##.####
###############.....# #..##.##.#
.[..............###.###.###.#..#
#####.####.....## #<...........#
#...........# ###...[...#..##
#####.......# #.########...
#.......# ... #.## ##......#
.... #.#


You could see a hound, an orc priest and a white imp.

Vanquished Creatures
  2 water moccasins
  Duvessa (D:6)
  2 orc warriors (D:7)
  2 sky beasts
  2 ogres
  An ice beast (D:5)
  2 phantoms
  2 kobold brigands
  A bullfrog (D:6)
  A gnoll sergeant (D:5)
  3 scorpions (D:4)
  Dowan (D:6)
  3 jellies
  5 hounds
  3 orc priests
  Terence (D:3)
  4 iguanas
  A sleepcap (D:4)
  Natasha (D:3)
  6 orc wizards
  5 adders
  A white imp (D:7)
  3 worms
  A dart slug (D:4)
  24 orcs
  4 bats (D:1)
  8 endoplasms
  5 giant cockroaches
  7 goblins
  10 hobgoblins
  17 kobolds
  4 quokkas
  4 ball pythons
  6 frilled lizards
  6 rats
149 creatures vanquished.

Notes
Turn   | Place    | Note
-------+----------+-------------------------------------------
     0 | D:1      | Dirtsage the Octopode Shapeshifter began the quest for the
                  | Orb.
     0 | D:1      | Reached XP level 1. HP: 13/13 MP: 1/1
    49 | D:1      | Reached XP level 2. HP: 16/18 MP: 2/2
   488 | D:2      | Reached XP level 3. HP: 21/23 MP: 3/3
   650 | D:2      | Reached XP level 4. HP: 15/29 MP: 4/4
  1424 | D:3      | Reached skill level 4 in Shapeshifting
  1521 | D:3      | Noticed Natasha
  1528 | D:3      | Killed Natasha
  1529 | D:3      | Reached XP level 5. HP: 33/34 MP: 5/5
  1961 | D:3      | Noticed Terence
  1968 | D:3      | Killed Terence
  2103 | D:3      | Noticed a kobold brigand
  2115 | D:3      | Killed a kobold brigand
  2116 | D:3      | Reached XP level 6. HP: 28/41 MP: 6/6
  2478 | D:4      | Reached skill level 5 in Shapeshifting
  2531 | D:4      | Reached XP level 7. HP: 38/45 MP: 7/7
  2836 | D:4      | Reached skill level 6 in Shapeshifting
  3625 | D:5      | Entered Level 5 of the Dungeon
  3974 | D:5      | Reached skill level 5 in Unarmed Combat
  4253 | D:5      | Reached skill level 7 in Shapeshifting
  4507 | D:5      | Reached XP level 8. HP: 12/51 MP: 8/8
  5098 | D:6      | Identified the "Sazopnug"
  5106 | D:6      | Found a staircase to the Ecumenical Temple.
  5122 | Temple   | Entered the Ecumenical Temple
  5135 | Temple   | Became a worshipper of the Wu Jian Council
  5270 | D:6      | Reached skill level 8 in Shapeshifting
  5506 | D:6      | Noticed Dowan
  5637 | D:6      | Reached XP level 9. HP: 56/58 MP: 9/9
  5750 | D:6      | Noticed Duvessa
  5751 | D:6      | Found a bloodstained altar of Trog.
  5759 | D:6      | Killed Duvessa
  5797 | D:6      | Found a shimmering blue altar of Sif Muna.
  5802 | D:6      | Killed Dowan
  6209 | D:7      | Reached skill level 9 in Shapeshifting
  6391 | D:7      | Reached * piety under Wu Jian
  6392 | D:7      | Reached skill level 5 in Fighting
  6395 | D:7      | Killed from afar by a white imp

Illustrated notes

Levels and vault maps discovered:
D:1:      scummos_arrival_simple_crosswalls, layout_rooms
D:2:      layout_rooms
D:3:      cheibrodos_thug_alley, layout_loops_corners, uniq_natasha,
          uniq_terence
D:4:      layout_basic, minmay_manual_mess
D:5:      layout_basic, hangedman_decor_opposing
D:6:      layout_cave_pools, nzn_overflow_gifts_of_might_and_magic,
          minmay_temple_entry_offerings, serial_glass, glass_columns_c,
          glass_columns_c, minmay_stone_trees_small
D:7:      nzn_winding_woodlands_medium [nzn_winding_woodlands_5x5_open_star,
          nzn_winding_woodlands_5x15_river_crossing,
          nzn_winding_woodlands_5x5_default,
          nzn_winding_woodlands_5x5_checkerboard,
          nzn_winding_woodlands_center_lodge, nzn_winding_woodlands_hourglass,
          nzn_winding_woodlands_5x5_three, nzn_winding_woodlands_5x15_pool,
          nzn_winding_woodlands_5x5_perimeter], layout_loops_cross,
          serial_shops, nicolae_shop_window_shopping, uniq_crazy_yiuf_cottage,
          uniq_jeremiah
Temple:   compressed_dpeg_triangle_lava_temple

Skill      XL: |  1  2  3  4  5  6  7  8  9 |
---------------+----------------------------+-----
Fighting       | 2 4 5 |  5.0
Unarmed Combat | 4 5 6 |  6.9
Shapeshifting  | 4 5 7 8 9 |  9.3
Dodging        | |  2.0

Action                     |  1- 3 |  4- 6 |  7- 9 || total
---------------------------+-------+-------+-------++-------
  Melee: Unarmed           |    52 |   122 |   214 ||   388
         Constrict         |    12 |    30 |    34 ||    76
         Tentacles         |    10 |    20 |    12 ||    42
         Punch             |     2 |     6 |     1 ||     9
Ability: Lunge             |       |       |     7 ||     7
  Evoke: Wand              |       |       |     5 ||     5
    Use: Scroll            |       |     8 |     2 ||    10
         Potion            |       |     1 |       ||     1
   Stab: Sleeping          |     3 |     8 |       ||    11
         Distracted        |       |     1 |       ||     1
 Armour: Skin              |    24 |    51 |   130 ||   205
  Dodge: Dodged            |    32 |    64 |    62 ||   158
   Form: Anaconda          |       |       |     1 ||     1

Table legend: (Time is in decaauts)
 A = Elapsed time spent in this place.
 B = Non-inter-level travel time spent in this place.
 C = Inter-level travel time spent in this place.
 D = Time resting spent in this place.
 E = Time spent auto-exploring this place.
 F = Levels seen in this place.
 G = Mean time per level.
                   A        B        C        D        E       F      G
               +--------+--------+--------+--------+--------+-----+--------+
         Total |   6359 |   6128 |    231 |    317 |   4513 |   8 |  794.9 |
       Dungeon |   6332 |   6113 |    219 |    317 |   4513 |   7 |  904.6 |
        Temple |     26 |     14 |     12 |      0 |      0 |   1 |   26.0 |
               +--------+--------+--------+--------+--------+-----+--------+

Top non-repeatable levels by time:
     D:4: 1674 daAuts
     D:3: 1213 daAuts
     D:5: 1039 daAuts
     D:6: 1003 daAuts
     D:1: 581 daAuts
     D:2: 567 daAuts
     D:7: 253 daAuts
  Temple: 26 daAuts
